 Dungeon Crawl Stone Soup version 0.32-a0-791-gfc315c9ecd (webtiles) character file.

Game seed: 11308135041829321986

5525 AeshMezareph the Fighter (level 10, -6/113 HPs)
             Began as an Oni Warper on Mar 20, 2024.
             Was a Believer of the Shining One.
             Killed by divine providence
             ... invoked by a meliai
              (12 damage)
             ... on level 9 of the Dungeon.
             The game lasted 00:34:07 (10776 turns).

AeshMezareph the Fighter (Oni Warper)              Turns: 10776, Time: 00:34:08

Health: -6/113     AC:  4    Str: 21    XL:     10   Next: 70%
Magic:  20/20      EV:  7    Int: 14    God:    the Shining One [**....]
Gold:   468        SH: 11    Dex:  8    Spells: 17/23 levels left

rFire   + . .        q - +1 flail (protect)
rCold   . . .        w - +0 kite shield
rNeg    + . .        b - +0 robe
rPois   .            (helmet restricted)
rElec   .            R - +0 cloak
rCorr   .            (gloves unavailable)
SInv    +            (boots unavailable)
Will    +....        v - amulet of reflection
Stlth   +            l - ring of protection from fire
HPRegen 0.38/turn    F - ring of see invisible
MPRegen 0.17/turn

%: reflection
@: glowing
A: large, unfitting armour, horns 1, tough skin 1, double potion healing,
drunken brawling
a: Renounce Religion, Divine Shield


You were on level 9 of the Dungeon.
You worshipped the Shining One.
The Shining One was pleased with you.
You visited 2 branches of the dungeon, and saw 10 of its levels.
You also visited: Sewer and Ossuary.

You collected 496 gold pieces.
You spent 28 gold pieces at shops.

Inventory:

Hand Weapons
 a - a +0 mace
 j - a +2 whip of pain
 q - a +1 flail of protection (weapon)
Missiles
 d - 7 darts of dispersal
 f - a throwing net
 y - 5 large rocks (quivered)
 C - 22 poisoned darts
Armour
 b - a +0 robe (worn)
 w - a +0 kite shield (worn)
 R - a +0 cloak (worn)
Jewellery
 l - a ring of protection from fire (left hand)
 m - a ring of ice
 v - an amulet of reflection (around neck)
 F - a ring of see invisible (right hand)
 I - a ring of fire
 T - a ring of magical power
 V - a +4 ring of protection
Wands
 o - a wand of paralysis (13)
 K - a wand of iceblast (10)
 N - a wand of mindburst (19)
 U - a wand of flame (23)
Scrolls
 c - 3 scrolls of blinking
 g - 2 scrolls of torment {unknown}
 k - a scroll of enchant weapon
 s - 3 scrolls of fear
 u - 6 scrolls of teleportation {unknown}
 G - a scroll of vulnerability
 H - a scroll of revelation {unknown}
 J - a scroll of fog {unknown}
 L - 3 scrolls of poison {unknown}
 M - 2 scrolls of noise {unknown}
 O - 3 scrolls of identify
 Q - a scroll of enchant armour {unknown}
Potions
 e - 4 potions of curing
 h - 2 potions of resistance
 i - 3 potions of enlightenment
 n - a potion of lignification {unknown}
 p - 2 potions of berserk rage
 r - a potion of magic {unknown}
 t - 2 potions of invisibility {unknown}
 x - 3 potions of heal wounds
 z - 2 potions of degeneration {unknown}
 A - 3 potions of brilliance
 B - 4 potions of attraction
 D - 2 potions of mutation
 E - a potion of cancellation {unknown}
 P - a potion of haste {unknown}
 S - 2 potions of might {unknown}


   Skills:
 * Level 11.1 Fighting
 * Level 8.5 Maces & Flails
 + Level 3.3 Throwing
 - Level 2.1 Dodging
 + Level 7.1 Spellcasting
 + Level 5.7 Translocations
 + Level 6.2 Invocations


You had 17 spell levels left.
You knew the following spells:

 Your Spells              Type           Power      Damage    Failure   Level
a - Blink                 Tloc           42%        N/A       5%          2
b - Manifold Assault      Tloc           21%        N/A       34%         4

Your spell library contained the following spells:

 Spells                   Type           Power      Damage    Failure   Level
 Lesser Beckoning         Tloc           42%        N/A       5%          2
 Teleport Other           Tloc           21%        N/A       11%         3
 Call Imp                 Summ           10%        N/A       50%         2
 Mercury Vapours          Alch/Air       10%        N/A       50%         2
 Static Discharge         Conj/Air       10%        3-4/arc   50%         2
 Sublimation of Blood     Necr           5%         N/A       50%         2
 Mephitic Cloud           Conj/Alch/Air  5%         N/A       75%         3
 Vhi's Electric Charge    Tloc/Air       26%        N/A       75%         4
 Airstrike                Air            2%         2d(1-17)  98%         4
 Summon Lightning Spire   Summ/Air       5%         N/A       98%         4
 Freezing Cloud           Conj/Ice/Air   2%         6-21      100%        5
 Summon Hydra             Summ           2%         N/A       100%        7


Dungeon Overview and Level Annotations

Branches:
Dungeon (9/15)             Temple (1/1) D:6           Sewer (visited)
Ossuary (visited)
   Lair: D:8-11         Orc: D:9-12

Altars:
Ashenzari
Cheibriados
Dithmenos
Elyvilon
Fedhas
Gozag
Hepliaklqana
Kikubaaqudgha
Makhleb
Nemelex Xobeh
Okawaru
Qazlal
Ru
Sif Muna
Trog
Uskayaw
Vehumet
Xom
Yredelemnul
Zin
The Shining One

Shops:
D:1 *=*?:   D:3 (   D:4 ***

Annotations:
D:2 1 runed translucent door, Crazy Yiuf
D:6 1 runed translucent door, Fastnbulbous's ghost, novice DsFi


Innate Abilities, Weirdness & Mutations

You are too large for most types of armour.
You have a pair of small horns on your head.
You have tough skin. (AC +1)
You gain doubled healing and magic from potions.
Whenever you drink a healing potion, you attack all around you.


Message History

The centaur warrior wields a +0 shortbow.
The centaur warrior shoots an arrow.
The arrow hits you!!
A meliai comes into view. It is wielding a +0 hand axe.
Unknown command.
Unknown command.
The kobold throws a stone.
The stone hits you but does no damage.
A vampire mosquito comes into view.
The vampire mosquito buzzes angrily.
The centaur warrior shoots an arrow.
The arrow hits you!
You hear a shout!
Unknown command.
The centaur warrior shoots an arrow.
The arrow hits you!
The centaur warrior shoots an arrow.
The arrow hits you!
You block the vampire mosquito's attack.
Unknown command.
The vampire mosquito bites you!
The vampire mosquito draws strength from your injuries!
The meliai completely misses you. You block the meliai's attack.
Unknown command.
You block the vampire mosquito's attack.
The meliai hits you with a +0 hand axe! The meliai closely misses you.
Unknown command.
The vampire mosquito barely misses you.
The meliai calls down the wrath of its god upon you.
Something smites you!
* * * LOW HITPOINT WARNING * * *
Things that are here:
a +0 whip; a kobold corpse Unknown command.
The vampire mosquito attacks as it pursues you!
The vampire mosquito bites you.
* * * LOW HITPOINT WARNING * * *
The vampire mosquito draws strength from your injuries!
The meliai calls down the wrath of its god upon you.
Something smites you!
* * * LOW HITPOINT WARNING * * *
The vampire mosquito bites you but does no damage.
The meliai calls down the wrath of its god upon you.
Something smites you!
You die...

#####.# ### #.....#
#.######## #.###.#
#......... ##### #.###.#
#.########
....####.#...###.#
###.#....#.......#######
#...##.##########......#
#......................#
#......######...@......#
##........# #...y......#
.......##.# #.[..y....)###
######.##.# #.............
######.##.###.............
.....<.##...'.............
.......######...c.........
........# #.............
...)....# ##.###........


You could see a centaur warrior, a vampire mosquito and a meliai.

Vanquished Creatures
  Erica (D:8)
  Grinder (D:4)
  Sigmund (D:3)
  A vampire (D:8)
  5 yaks (D:8)
  Grum (D:8)
  2 orc warriors
  4 ice beasts
  3 centaurs
  3 wolves (D:8)
  3 phantoms
  A kobold brigand (D:7)
  3 bullfrogs
  A scorpion (D:6)
  3 wights (D:7)
  2 howler monkeys
  7 bullfrog zombies (Ossuary)
  A bombardier beetle (D:4)
  A jelly (D:8)
  3 hounds
  5 orc priests
  A gnoll bouda (D:5)
  8 iguanas
  8 orc wizards
  Ijyb (D:4)
  3 sleepcaps
  2 killer bee zombies (Ossuary)
  2 crocodile zombies (Ossuary)
  5 hound zombies (Ossuary)
  7 mummies
  5 howler monkey zombies (Ossuary)
  A river rat (D:5)
  5 adders
  12 gnolls
  2 shadow imps
  4 white imps
  4 ufetubi
  8 ribbon worms
  10 dart slugs
  16 orcs
  3 bats
  10 endoplasms
  9 giant cockroaches
  7 goblins
  9 hobgoblins
  11 jackals
  11 kobolds
  7 quokkas
  15 ball pythons
  4 ball python zombies (Ossuary)
  7 frilled lizards
  9 rats
258 creatures vanquished.

Vanquished Creatures (others)
  An orc (D:4)
  A kobold (D:4)
2 creatures vanquished.

Grand Total: 260 creatures vanquished

Notes
Turn   | Place    | Note
-------+----------+-------------------------------------------
     0 | D:1      | AeshMezareph the Oni Warper began the quest for the Orb.
     0 | D:1      | Reached XP level 1. HP: 22/22 MP: 3/3
     7 | D:1      | Found Dyukev's Book Shop.
     7 | D:1      | Noticed a walking earthen tome
     7 | D:1      | Noticed a walking crystal tome
   130 | D:1      | Reached skill level 3 in Fighting
   134 | D:1      | Reached XP level 2. HP: 27/31 MP: 5/5
   267 | D:1      | Found Vunes's Magic Scroll Boutique.
   276 | D:1      | Found Qienaupn's Assorted Antiques.
   387 | D:1      | Reached XP level 3. HP: 30/37 MP: 5/7
   442 | D:1      | Found Qoopruney's General Store.
   563 | D:1      | Found Wusiucsa's Jewellery Shop.
   684 | D:1      | Found a faded altar of an unknown god.
  1194 | D:2      | Reached skill level 4 in Fighting
  1194 | D:2      | Reached XP level 4. HP: 19/48 MP: 9/9
  1617 | D:2      | Learned a level 2 spell: Blink
  1648 | D:2      | Found a runed translucent door.
  1649 | D:2      | Noticed Crazy Yiuf
  1820 | D:3      | Reached XP level 5. HP: 53/55 MP: 10/10
  1836 | D:3      | Found Xoedyqad's Weapon Boutique.
  2323 | D:3      | Found a hide-covered altar of Uskayaw.
  2379 | D:3      | Noticed Sigmund
  2394 | D:3      | Killed Sigmund
  2395 | D:3      | Reached skill level 5 in Fighting
  2395 | D:3      | Reached skill level 1 in Invocations
  2395 | D:3      | Reached XP level 6. HP: 28/66 MP: 10/12
  2655 | D:4      | Found a snail-covered altar of Cheibriados.
  2674 | D:4      | Found Zin's Purification Station.
  2675 | D:4      | Found a glowing silver altar of Zin.
  2713 | D:4      | Found Panacom's Specific Store.
  2715 | D:4      | Found Hacix's General Store.
  2728 | D:4      | Bought a scroll of identify for 28 gold pieces
  2747 | D:4      | Noticed Grinder
  2777 | D:4      | Paralysed by Grinder for 4 turns
  2777 | D:4      | HP: 3/66 [Grinder/nerve-wracking pain (10)]
  2800 | D:4      | Paralysed by Grinder for 2 turns
  2993 | D:4      | Killed Grinder
  2994 | D:4      | Reached skill level 6 in Fighting
  2994 | D:4      | Reached XP level 7. HP: 72/75 MP: 13/13
  3037 | D:4      | Found a sand-covered staircase.
  3051 | Ossuary  | Entered an ossuary
  3289 | Ossuary  | Reached skill level 5 in Maces & Flails
  3319 | Ossuary  | Reached XP level 8. HP: 76/84 MP: 15/15
  3554 | Ossuary  | Reached skill level 7 in Fighting
  3624 | Ossuary  | Reached skill level 5 in Spellcasting
  3992 | D:4      | Noticed Ijyb
  4011 | D:4      | Killed Ijyb
  4386 | D:4      | Found a sacrificial altar of Ru.
  4389 | D:4      | Found a white marble altar of Elyvilon.
  4392 | D:4      | Found a stormy altar of Qazlal.
  4398 | D:4      | Found a shadowy altar of Dithmenos.
  4404 | D:4      | Became a worshipper of Elyvilon the Healer
  4574 | D:5      | Entered Level 5 of the Dungeon
  4832 | D:5      | Reached skill level 8 in Fighting
  4844 | D:5      | Found a glowing drain.
  4915 | Sewer    | Entered a sewer
  5189 | Sewer    | Reached XP level 9. HP: 81/97 MP: 17/17
  5472 | D:5      | Found a blossoming altar of Fedhas.
  5632 | D:5      | Reached * piety under Elyvilon
  6054 | D:6      | Found a staircase to the Ecumenical Temple.
  6064 | Temple   | Entered the Ecumenical Temple
  6071 | Temple   | Fell from the grace of Elyvilon
  6071 | Temple   | Became a worshipper of the Shining One
  6116 | D:6      | Reached skill level 9 in Fighting
  6214 | D:6      | Learned a level 4 spell: Manifold Assault
  6591 | D:6      | Found a runed translucent door.
  6598 | D:6      | Noticed Fastnbulbous's ghost (novice DsFi)
  6707 | D:6      | Reached * piety under the Shining One
  7475 | D:7      | Reached skill level 5 in Invocations
  7481 | D:7      | Reached skill level 5 in Translocations
  7946 | D:7      | Reached skill level 10 in Fighting
  7946 | D:7      | Reached XP level 10. HP: 108/110 MP: 19/19
  8453 | D:8      | Found an opulent altar of Gozag.
  9313 | D:8      | Noticed Grum
  9313 | D:8      | Reached ** piety under the Shining One
  9336 | D:8      | Killed Grum
  9986 | D:8      | Noticed Erica
  9988 | D:8      | Paralysed by Erica for 2 turns
 10004 | D:8      | Killed Erica
 10005 | D:8      | Reached skill level 11 in Fighting
 10461 | D:9      | Noticed a boulder beetle
 10737 | D:9      | Found a radiant altar of Vehumet.
 10765 | D:9      | Noticed a centaur warrior
 10765 | D:9      | Noticed a meliai
 10776 | D:9      | Killed from afar by a meliai

Illustrated notes

Levels and vault maps discovered:
D:1:      dpeg_arrival_orchard, layout_loops_ring, serial_shops,
          nicolae_square_shop, nicolae_shop_real_fake_doors, shop,
          nicolae_shop_dealshenge, nicolae_shop_mannequins,
          shapermc_ecumenical_altar_mp_urbaneastern, minmay_pentomino_p4
D:2:      layout_loops_ring, uniq_crazy_yiuf_cottage
D:3:      layout_basic, mainiacjoe_overflow_tiny_flanked, serial_shops, shop,
          uniq_sigmund
D:4:      layout_loops_cross, mainiacjoe_overflow_cross_hatched, zin_purify,
          grunt_temple_overflow_cloverleaf, gup_ossuary_entry_pyramid,
          nicolae_specific_store, corexii_checkpoint,
          ebering_dispersal_statue_hall, uniq_grinder, uniq_ijyb
D:5:      layout_loops_ring, fedhas_altar_fruit_tree,
          cheibrodos_sewer_entry_sluice
D:6:      layout_basic, minmay_temple_entry_mini_moons, ebering_ghost_sewer_d
D:7:      layout_loops_cross
D:8:      layout_gridville, grunt_gozag_statues, uniq_grum, uniq_erica
D:9:      minmay_the_grid_octo_2x2 [minmay_the_grid_octo_77,
          minmay_the_grid_octo_fan_narrow, minmay_the_grid_octo_odd_swirl,
          minmay_the_grid_octo_prize_square_snowflake], layout_basic,
          fiery_altar_vehumet, nzn_wu_jian_contemplation
Temple:   bh_familiar_temple

Skill      XL: |  1  2  3  4  5  6  7  8  9 10 |
---------------+-------------------------------+-----
Fighting       | 3 4 5 6 8 10 11 | 11.1
Spellcasting   | 3 4 5 6 7 |  7.1
Maces & Flails | 3 4 5 6 7 8 |  8.5
Translocations | 3 4 5 |  5.7
Invocations    | 1 2 4 5 6 |  6.2
Throwing       | 2 3 |  3.3
Dodging        | |  2.1

Action                     |  1- 3 |  4- 6 |  7- 9 | 10-12 || total
---------------------------+-------+-------+-------+-------++-------
  Melee: Mace              |    40 |       |       |       ||    40
         Headbutt          |    16 |    27 |   110 |    31 ||   184
         Whip              |    71 |    13 |       |       ||    84
         Flail             |       |   158 |   581 |   126 ||   865
  Throw: Dart              |       |       |       |     2 ||     2
 Invoke: Divine Shield     |       |       |       |     1 ||     1
    Use: Potion            |       |     2 |       |     1 ||     3
         Scroll            |       |     5 |     4 |       ||     9
   Stab: Sleeping          |     1 |     2 |       |       ||     3
 Armour: Robe              |    55 |   109 |   350 |   108 ||   622
  Dodge: Dodged            |    57 |    45 |   182 |    32 ||   316
  Block: Other             |       |     6 |       |       ||     6
         Kite shield       |       |    46 |   401 |    69 ||   516
         Reflection        |       |     3 |    15 |     4 ||    22

Table legend: (Time is in decaauts)
 A = Elapsed time spent in this place.
 B = Non-inter-level travel time spent in this place.
 C = Inter-level travel time spent in this place.
 D = Time resting spent in this place.
 E = Time spent auto-exploring this place.
 F = Levels seen in this place.
 G = Mean time per level.
                   A        B        C        D        E       F      G
               +--------+--------+--------+--------+--------+-----+--------+
         Total |  11030 |  10436 |    594 |   2117 |   4825 |  12 |  919.2 |
       Dungeon |   9702 |   9143 |    559 |   1669 |   4825 |   9 | 1078.0 |
        Temple |     37 |      2 |     35 |      0 |      0 |   1 |   37.0 |
         Sewer |    368 |    368 |      0 |     42 |      0 |   1 |  368.0 |
       Ossuary |    921 |    921 |      0 |    406 |      0 |   1 |  921.0 |
               +--------+--------+--------+--------+--------+-----+--------+

Top non-repeatable levels by time:
     D:8: 2174 daAuts
     D:6: 1254 daAuts
     D:3: 1126 daAuts
     D:7: 1102 daAuts
     D:5: 1069 daAuts
     D:4: 1068 daAuts
     D:1: 925 daAuts
 Ossuary: 921 daAuts
     D:2: 771 daAuts
   Sewer: 368 daAuts
     D:9: 210 daAuts
  Temple: 37 daAuts
